 Dungeon Crawl Stone Soup version 0.29.0-4-gdea44cf6ec (webtiles) character file.

Game seed: 16700619810936480203

75 qw the Chopper (level 4, 0/26 HPs)
             Began as a Tengu Warper on Aug 28, 2022.
             Slain by a hobgoblin (2 damage)
             ... led by Robin
             ... on level 3 of the Dungeon.
             The game lasted 00:00:10 (1400 turns).

qw the Chopper (Tengu Warper)                       Turns: 1400, Time: 00:00:11

Health: 0/26       AC:  6    Str: 19    XL:     4   Next: 31%
Magic:  8/8        EV: 11    Int: 14    God:
Gold:   101        SH:  0    Dex: 13    Spells: 7/7 levels left

rFire   . . .      SeeInvis .   Y - +0 hand axe
rCold   . . .      Faith    .   (no shield)
rNeg    . . .      Spirit   .   j - +0 ring mail
rPois   .          Reflect  .   (helmet restricted)
rElec   .          Harm     .   (no cloak)
rCorr   .          Rampage  .   f - +0 pair of gloves
Will    .....                   (boots unavailable)
Stlth   +.........              (no amulet)
HPRegen 0.08/turn               k - +6 ring of strength
MPRegen 0.11/turn               (no ring)

@: no status effects
A: beak, talons 3
a: no special abilities


You were on level 3 of the Dungeon.
You visited 1 branch of the dungeon, and saw 4 of its levels.

You collected 101 gold pieces.


Innate Abilities, Weirdness & Mutations

You have a beak for a mouth.
You have claws for feet.


   Skills:
 - Level 2.0 Fighting
 + Level 4.9 Axes
 - Level 1.0 Throwing
 - Level 1.1 Armour
 - Level 2.1 Dodging
 - Level 2.0 Spellcasting
 - Level 2.4 Translocations


You had 7 spell levels left.
You didn't know any spells.
Your spell library contained the following spells:

 Spells                   Type           Power      Damage    Failure   Level
 Blink                    Tloc           16%        N/A       24%         2
 Gell's Gravitas          Tloc           8%         N/A       43%         3
 Lesser Beckoning         Tloc           8%         N/A       43%         3
 Teleport Other           Tloc           8%         N/A       43%         3
 Manifold Assault         Tloc           8%         N/A       99%         5

Inventory:

Hand Weapons
 d - a +0 club
 Y - a +0 hand axe (weapon)
Armour
 f - a +0 pair of gloves (worn)
 j - a +0 ring mail (worn)
Jewellery
 a - a ring of fire
 k - a +6 ring of strength (left hand)
Scrolls
 b - a scroll of amnesia {unknown}
Potions
 g - 2 potions of curing

Dungeon Overview and Level Annotations

Branches:
Dungeon (4/15)
 Temple: D:4-7

Altars:


Message History

The hobgoblin barely misses you.
You barely miss the hobgoblin. You claw the hobgoblin.
You kill the hobgoblin!
You hit the goblin. You hit the hobgoblin but do no damage.
The goblin barely misses you. The hobgoblin hits you.
You hit the goblin.
You kill the goblin!
You hit the hobgoblin but do no damage.
The hobgoblin hits you but does no damage.
You hit the hobgoblin. Your punch misses the hobgoblin.
The hobgoblin is moderately wounded.
The hobgoblin closely misses you.
You closely miss the hobgoblin. Your kick misses the hobgoblin.
The hobgoblin is moderately wounded.
You hit the hobgoblin. The hobgoblin closely misses you.
The hobgoblin barely misses you.
You closely miss the hobgoblin. Your peck misses the hobgoblin.
The hobgoblin is severely wounded.
You hit the hobgoblin.
The hobgoblin no longer looks unusually strong.
The hobgoblin barely misses you. The hobgoblin hits you.
You slash the hobgoblin!
You kill the hobgoblin!
You hit the hobgoblin.
The hobgoblin hits you but does no damage.
You barely miss the hobgoblin.
You claw the hobgoblin, but do no damage.
The hobgoblin is severely wounded.
The hobgoblin barely misses you.
You closely miss the hobgoblin. You peck the hobgoblin.
The hobgoblin is almost dead.
The hobgoblin hits you but does no damage.
You closely miss the hobgoblin.
You claw the hobgoblin, but do no damage.
The hobgoblin is almost dead.
The hobgoblin hits you.
You hit the hobgoblin but do no damage. Your peck misses the hobgoblin.
The hobgoblin is almost dead.
The hobgoblin hits you.
You die...

### # #.. ####
#.######.# ..#
#.#....#.# #.# ####
g####.#.##.#%####.###...
g.......................
###.g).....#%##.###)#.
###@######.##.# #.#. #.#
#....# ..#. #.#
######.#.#. #># #.###.
#.# . ## ..# ## ###


You could see a hobgoblin.

Vanquished Creatures
  Robin (D:3)
  2 dart slugs
  6 ball pythons
  5 endoplasms
  2 giant cockroaches
  12 goblins
  5 hobgoblins
  6 jackals (D:1)
  2 quokkas
  2 bats (D:1)
  3 frilled lizards (D:1)
  4 kobolds (D:1)
  3 rats (D:1)
53 creatures vanquished.

Vanquished Creatures (others)
  4 plants (D:1)
4 creatures vanquished.

Grand Total: 57 creatures vanquished

Notes
Turn   | Place    | Note
-------+----------+-------------------------------------------
     0 | D:1      | qw the Tengu Warper began the quest for the Orb.
     0 | D:1      | Reached XP level 1. HP: 12/12 MP: 4/4
     0 | D:1      | 0 ||| qw: Version: 0.1-a-89-g26bdef1
     0 | D:1      | 0 ||| qw: Game counter: 1494
     0 | D:1      | 0 ||| qw: Always use a shield: true
     0 | D:1      | 0 ||| qw: God list: Okawaru
     0 | D:1      | 0 ||| qw: Allow faded altars: false
     0 | D:1      | 0 ||| qw: Do Orc after D:15 true
     0 | D:1      | 0 ||| qw: Do second Lair branch before Depths: true
     0 | D:1      | 0 ||| qw: Lair rune preference: random
     0 | D:1      | 0 ||| qw: Plans: Normal
     0 | D:1      | 0 ||| PLANNING D:1-11
   188 | D:1      | Reached XP level 2. HP: 17/17 MP: 6/6
   195 | D:1      | Reached skill level 3 in Axes
   204 | D:1      | Found a faded altar of an unknown god.
   407 | D:1      | 407 ||| Stepping ~*~*~tactically~*~*~ (stealth).
   421 | D:1      | Reached XP level 3. HP: 9/21 MP: 7/7
   642 | D:1      | 642 ||| Stepping ~*~*~tactically~*~*~ (hiding).
   744 | D:1      | 744 ||| Stepping ~*~*~tactically~*~*~ (hiding).
   754 | D:1      | Reached skill level 4 in Axes
  1088 | D:1      | 1088 ||| UPGRADING to +0 pair of gloves.
  1093 | D:1      | 1093 ||| UPGRADING to +0 ring mail.
  1103 | D:1      | 1103 ||| DROPPING +0 leather armour.
  1104 | D:1      | 1104 ||| UPGRADING to +6 ring of strength.
  1105 | D:1      | 1105 ||| READING scroll labelled VIPLUTHAXU.
  1106 | D:1      | 1106 ||| READING scroll labelled NIALOF SUH JIU.
  1111 | D:1      | 1111 ||| READING scroll labelled OFYGIZ MUYGE.
  1112 | D:1      | 1112 ||| DRINKING 3 golden potions.
  1113 | D:1      | 1113 ||| DROPPING scroll of blinking.
  1187 | D:2      | You fall into a shaft and drop 2 floors!
  1213 | D:4      | 1213 ||| Stepping ~*~*~tactically~*~*~ (hiding).
  1359 | D:3      | 1359 ||| Stepping ~*~*~tactically~*~*~ (stealth).
  1370 | D:3      | Noticed Robin
  1371 | D:3      | 1371 ||| Stepping ~*~*~tactically~*~*~ (stealth).
  1387 | D:3      | Killed Robin
  1388 | D:3      | Reached XP level 4. HP: 11/26 MP: 8/8
  1395 | D:3      | HP: 6/26 [hobgoblin[Robin] (1)]
  1399 | D:3      | HP: 2/26 [hobgoblin[Robin] (4)]
  1400 | D:3      | Slain by a hobgoblin

Levels and vault maps discovered:
D:1:      dpeg_arrival_erosion, layout_rooms, ebering_ecumenical_altar_webs,
          minmay_stone_trees_medium, solitary_fountain, serial_bayou_pond_a,
          st_stairs_14
D:2:      layout_basic, uniq_terence
D:3:      layout_basic, uniq_robin
D:4:      kennysheep_six_static_rooms, layout_rooms

Skill      XL: |  1  2  3 |
---------------+----------+-----
Axes           | 3 4 |  4.9
Fighting       | |  2.0
Throwing       | |  1.0
Armour         | |  1.1
Dodging        | |  2.1
Spellcasting   | |  2.0
Translocations | |  2.4

Action                   |  1- 3 |  4- 6 || total
-------------------------+-------+-------++-------
Melee: Hand axe          |    93 |    13 ||   106
       Peck              |    17 |     1 ||    18
       Kick              |    23 |     4 ||    27
Throw: Boomerang         |     7 |       ||     7
  Use: Scroll            |     3 |       ||     3
       Potion            |     1 |       ||     1
Armor: Leather armour    |    17 |       ||    17
       Ring mail         |     9 |     6 ||    15
Dodge: Dodged            |    47 |     8 ||    55

Table legend:
 A = Non-vault XP
 B = Vault XP
 C = Vault XP percentage of total XP
 D = Non-vault monster count
 E = Vault monster count
 F = Vault count percentage of total count
                 A         B        C        D         E       F
            +---------+---------+-------+---------+---------+-------
      Total |      73 |      35 |  32.4 |      42 |      11 |  20.8
            +---------+---------+-------+---------+---------+-------
        D:1 |      55 |       2 |   3.5 |      34 |       1 |   2.9
        D:2 |       4 |       0 |   0.0 |       2 |       0 |   0.0
        D:3 |       6 |      33 |  84.6 |       3 |      10 |  76.9
        D:4 |       8 |       0 |   0.0 |       3 |       0 |   0.0
            +---------+---------+-------+---------+---------+-------
